 Dungeon Crawl Stone Soup version 0.30.1-11-g7821555f0a (webtiles) character file.

Game seed: 13606494493075939335

35 HakonGodeson the Covered (level 3, 0/29 HPs)
             Began as a Human Fighter on Dec 13, 2023.
             Succumbed to an orc's poison
             ... on level 3 of the Dungeon.
             The game lasted 00:01:30 (544 turns).

HakonGodeson the Covered (Human Fighter)             Turns: 544, Time: 00:01:31

Health: 0/29       AC:  7    Str: 15    XL:     3   Next: 55%
Magic:  3/3        EV:  8    Int:  9    God:
Gold:   23         SH:  0    Dex: 16    Spells: 2/2 levels left

rFire   . . .        a - +0 war axe
rCold   . . .        c - +0 buckler
rNeg    . . .        b - +1 scale mail
rPois   .            (no helmet)
rElec   .            (no cloak)
rCorr   .            (no gloves)
SInv    .            (no boots)
Will    .....        (no amulet) Stlth
                     (no ring)
HPRegen 0.24/turn    (no ring)
MPRegen 0.08/turn

%: random rage (3%)
@: confused, lethally poisoned (0 -> -9), attractive
A: agile 1, berserk 1, evolution 1
a: no special abilities


You were on level 3 of the Dungeon.
You visited 1 branch of the dungeon, and saw 3 of its levels.

You collected 23 gold pieces.

Inventory:

Hand Weapons
 a - a +0 war axe (weapon)
Armour
 b - a +1 scale mail (worn)
 c - a +0 buckler (worn)
Potions
 d - a potion of might
 f - a potion of magic


   Skills:
 * Level 3.3 Fighting
 * Level 2.3 Axes
 * Level 3.3 Armour
 * Level 0.3 Dodging
 * Level 0.5 Stealth
 * Level 3.3 Shields


You had 2 spell levels left.
You didn't know any spells.
Your spell library contained the following spells:

 Spells                   Type           Power      Damage    Failure   Level
 Blink                    Tloc           0%         N/A       97%         2
 Lesser Beckoning         Tloc           0%         N/A       97%         2
 Momentum Strike          Conj/Tloc      0%         3d8       97%         2


Dungeon Overview and Level Annotations

Branches:
Dungeon (3/15)

Altars:


Innate Abilities, Weirdness & Mutations

You are agile. (Dex +4, Str/Int -1)
You sometimes lose your temper in combat.
You have hidden genetic potential.


Message History

You're too confused to move!
The orc hits you with a +0 hand axe.
You hear some strange, mumbled words.
You are more confused.
The orc wizard hits you with a +0 dagger.
You hit the orc.
You kill the orc!
You miss the orc wizard. You miss something. The orc wizard closely misses you.
You hear some strange, mumbled words.
Something tries to affect you, but you resist.
You bump into the rock wall.
The orc wizard misses you. The orc hits you but does no damage.
You are poisoned.
Something hits you but does no damage.
You feel very sick.
The orc wizard hits you with a +0 dagger.
You bump into the rock wall.
You feel sick.
The orc wizard mumbles some strange words.
The orc wizard flickers and vanishes!
The orc closely misses you.
You bump into the rock wall.
You feel sick.
An orc wizard appears from thin air!
Reactivating autopickup.
Something hits you but does no damage.
Deactivating autopickup; reactivate with Ctrl-A.
The orc hits you but does no damage.
You are lethally poisoned!
It was a potion of magic.
Magic courses through your body.
* * * LOW HITPOINT WARNING * * *
You feel very sick. Something hits you but does no damage.
The orc hits you but does no damage.
Unknown command.
It was a potion of attraction.
You feel attractive to monsters.
* * * LOW HITPOINT WARNING * * *
You feel very sick. Something hits you but does no damage.
Unknown command.
It was a potion of mutation.
You feel extremely strange.
You feel a hidden potential growing inside you.
You feel a little pissed off.
You feel agile.
You die...

.>.. .<.. .... ... #..
#........ #..###
#........
#.o@###........
#####.#o{##........
#.....#)..#........
#.....'............
#.....#............
#.....#.)...............
#..<. #...#.............
##### #...#.......[.....
#...#.............


You could see an orc wizard and an orc.

Vanquished Creatures
  A gnoll (D:1)
  An adder (D:2)
  A dart slug (D:1)
  2 orcs (D:3)
  A giant cockroach (D:1)
  3 hobgoblins
  A kobold (D:2)
  A quokka (D:3)
  A ball python (D:2)
  A bat (D:3)
13 creatures vanquished.

Notes
Turn   | Place    | Note
-------+----------+-------------------------------------------
     0 | D:1      | HakonGodeson the Human Fighter began the quest for the Orb.
     0 | D:1      | Reached XP level 1. HP: 18/18 MP: 1/1
    86 | D:1      | Reached XP level 2. HP: 19/24 MP: 2/2
   208 | D:2      | Reached XP level 3. HP: 23/29 MP: 3/3
   543 | D:3      | HP: 1/29 [poisoned by an orc]
   544 | D:3      | Gained mutation: You have hidden genetic potential. [potion
                  | of mutation]
   544 | D:3      | Gained mutation: You sometimes lose your temper in combat.
                  | [potion of mutation]
   544 | D:3      | Gained mutation: You are agile. (Dex +4, Str/Int -1)
                  | [potion of mutation]
   544 | D:3      | Succumbed to an orc's poison

Illustrated notes

Levels and vault maps discovered:
D:1:      dpeg_arrival_tiny_j, layout_basic,
          hellmonk_ecumenical_altar_slurped_away
D:2:      layout_basic, mrwooster_statue_mirror
D:3:      layout_basic

Action                     || total
---------------------------++-------
  Melee: War axe           ||    51
    Use: Potion            ||     3
         Scroll            ||     2
 Armour: Scale mail        ||    43
  Dodge: Dodged            ||    21
  Block: Buckler           ||    11
